AoeStats
← Franz

Enclosed

505453472Analyzed
1v1 RM · 23d ago on Sep 9, 2026· 62m 32s· 2 players
Game mode
Random Map
Map size
Tiny (2 player)
Population
200
Speed
Normal
Resources
Standard
Victory
Conquest
Starting age
Dark Age
Ending age
Imperial Age
RankedLock teamsTeams togetherTeam positionsShared explorationLock speedFull tech treeHidden civsTurbo modeCheats
Victory
Defeat
🇵🇱 Burgundians · Poland
892
+17
🇫🇷 Mongols · France
906
-32
Detektyw
10:20 Feudal Age
21:25 Castle Age
22:04 Double-Bit Axe
22:08 Pikeman
25:07 Husbandry
27:52 Elite Skirmisher
31:13 Gold Mining
35:33 Imperial Age
32:29 Cavalier
34:16 Gold Shaft Mining
34:47 Fletching
35:45 Wheelbarrow
35:51 Town Watch
36:24 Town Watch
36:34 Double-Bit Axe
37:05 Scale Barding Armor
39:50 Chemistry
39:12 Ballistics
39:47 Bodkin Arrow
40:30 Conscription
43:19 Town Patrol
44:02 Paladin
52:26 Hand Cart
56:49 Elite Coustillier
58:50 Light Cavalry
60:53 Spies/Treason
Franz
4:57 Loom
10:23 Feudal Age
10:47 Horse Collar
11:13 Double-Bit Axe
14:57 Wheelbarrow
16:04 Bloodlines
19:18 Gold Mining
24:54 Castle Age
23:50 Fletching
24:38 Padded Archer Armor
25:04 Stone Mining
25:27 Scale Barding Armor
25:31 Crossbowman
26:09 Bodkin Arrow
27:50 Leather Archer Armor
28:44 Heavy Plow
30:03 Hand Cart
30:44 Thumb Ring
31:41 Husbandry
32:51 Town Watch
34:02 Town Patrol
38:29 Imperial Age
39:00 Gold Shaft Mining
39:05 Stone Shaft Mining
38:55 Chain Barding Armor
47:56 Elite Mangudai
Connection lost

Rejoining the realm…

Still unreachable

The connection could not be restored.

Session expired

The server has moved on; the page needs a fresh start.